 Dungeon Crawl Stone Soup version 0.17-a0-870-gcb215c1 (webtiles) character file.

584 namelastname112 the Twirler (level 7, -1/60 HPs)
             Began as a Red Draconian Gladiator on Apr 29, 2015.
             Slain by a gnoll
             ... wielding a +0 spear
              (15 damage)
             ... on level 4 of the Dungeon.
             The game lasted 00:06:25 (4223 turns).

namelastname112 the Twirler (DrGl)                  Turns: 4223, Time: 00:06:25

Health: -1/60      AC:  7    Str: 17    XL:     7   Next: 14%
Magic:  7/7        EV: 14    Int:  8    God:
Gold:   99         SH:  0    Dex: 14    Spells: 0 memorised, 6 levels left

rFire  + . .     SeeInvis .     i - +3 quarterstaff (chaos)
rCold  . . .     Clarity  +     (armour unavailable)
rNeg   . . .     SustAb   .     (no shield)
rPois  +         Gourm    .     b - +0 hat
rElec  .         Spirit   .     n - +0 cloak
rCorr  .         Warding  .     (no gloves)
rMut   .         Stasis   .     (no boots)
MR     .....                    o - amulet of clarity
Stlth  +.........               (no ring)
                                j - ring of poison resistance

@: lethally poisoned (-1 -> -7), not resistant to hostile enchantments, very
unstealthy
A: breathe fire, unfitting armour, fire resistance 1, cold-blooded, AC +6
a: Breathe Fire


You were on level 4 of the Dungeon.
You were very hungry.

You visited 1 branch of the dungeon, and saw 4 of its levels.

You collected 99 gold pieces.

Inventory:

Hand weapons
 a - a +0 quarterstaff
 i - a +3 quarterstaff of chaos (weapon)
Missiles
 c - 5 throwing nets (quivered)
Armour
 b - a +0 hat (worn)
 n - a +0 cloak (worn)
Jewellery
 j - a ring of poison resistance (left hand)
 o - an amulet of clarity (around neck)
Magical devices
 q - a wand of flame (20)
Scrolls
 e - 2 scrolls of amnesia
 h - a scroll of enchant weapon {unknown}
 k - a scroll of fear {unknown}
 l - 2 scrolls of remove curse
 m - 2 scrolls of enchant armour {unknown}
 t - 2 scrolls of random uselessness {unknown}
Potions
 p - a potion of might
 r - 3 potions of brilliance {unknown}
Books
 s - a book of Changes

   Spells                             Type                      Level
   a - Beastly Appendage              Transmutation                1
   b - Sticks to Snakes               Transmutation                2
   c - Spider Form                    Transmutation/Poison         3
   d - Ice Form                       Ice/Transmutation            4
   e - Blade Hands                    Transmutation                5
Comestibles
 d - 2 bread rations
 f - 2 fruits
 g - 4 meat rations


   Skills:
 + Level 4.6 Fighting
 * Level 6.2 Staves
 - Level 1.7 Throwing
 + Level 4.3 Dodging


You had 6 spell levels left.
You didn't know any spells.

Dungeon Overview and Level Annotations

Branches:
Dungeon (4/15)
 Temple: D:4-7

Altars:
Fedhas
Kikubaaqudgha


Innate Abilities, Weirdness & Mutations

You can breathe blasts of fire.
Your fiery red scales are hard (AC +6).
Your body does not fit into most forms of armour.
Your flesh is heat resistant.
You are cold-blooded and may be slowed by cold attacks.


Message History

You thump the gnoll!
The gnoll goes berserk!
The gnoll is heavily wounded.
You feel sick. The gnoll hits you but does no damage.
The gnoll barely misses you.
You hit the gnoll.
The gnoll seems to slow down.
You tail-slap the gnoll.
The gnoll is severely wounded.
You feel sick.
The gnoll is no longer moving slowly.
The gnoll shaman mumbles some strange prayers to its god against you.
You resist with some effort. The gnoll hits you with a spear!
* * * LOW HITPOINT WARNING * * *
Unknown command.
You feel sick. The gnoll misses you.
There is an open door, spattered with blood here.
You feel sick.
The gnoll rages.
Use which ability? (? or * to list)
Press: ? - help, Shift-Dir - straight line, f - gnoll
Aim: a gnoll, wielding a spear (severely wounded, berserk, fast, unusually strong)
You fail to use your ability.
The gnoll hits you with a spear!
You die...

.......).........
.......P.####
≈≈≈≈≈≈....≈≈≈≈≈≈≈
≈≈≈≈≈≈≈≈≈....
≈≈≈≈≈≈....≈≈≈≈≈≈≈≈
≈≈≈≈≈≈≈≈.###
≈≈≈≈≈≈....≈≈≈≈≈≈≈≈
≈#####≈≈.#
..................
#g #≈≈.###
#####''''#########
# #≈≈....
#....#.......#
###≈≈..#.
#....#.).....#
#.≈≈≈..#.
+....'.....@.#
#.≈≈≈..#.
############g#
#.≈≈≈.)#.
#..g.g..#
#.≈≈≈..#.
≈...gg.).g#
#.≈≈≈..#.
..g......#
#.≈≈≈###.
.#........ #.≈≈≈#
## ########..
#.≈≈≈# . $..
###≈≈# #### #≈≈#


You could see 2 gnolls.

Vanquished Creatures
  The ghost of OrbSeeker the Magician, an average DEIE (D:3)
  An ogre (D:4)
  A jelly (D:4)
  A hound (D:4)
  Crazy Yiuf (D:2)
  A worker ant (D:3)
  Jessica (D:2)
  An iguana (D:4)
  Robin (D:3)
  5 adders
  6 gnolls
  An ooze (D:3)
  3 worms
  4 giant geckos
  An orc (D:3)
  8 bats
  4 giant cockroaches
  13 goblins
  19 hobgoblins
  11 jackals
  8 kobolds
  2 quokkas
  A ball python (D:1)
  5 giant newts
  9 rats
  A fungus (D:2)
110 creatures vanquished.

Notes
Turn   | Place    | Note
--------------------------------------------------------------
     0 | D:1      | namelastname112, the Draconian Gladiator, began the quest for the Orb.
     0 | D:1      | Reached XP level 1. HP: 17/17 MP: 1/1
   372 | D:1      | Reached XP level 2. HP: 15/25 MP: 2/2
   782 | D:1      | Reached XP level 3. HP: 30/30 MP: 3/3
  1264 | D:2      | Reached skill level 4 in Staves
  1648 | D:2      | Noticed Jessica
  1710 | D:2      | Killed Jessica
  1710 | D:2      | Reached XP level 4. HP: 7/38 MP: 4/4
  2484 | D:2      | Noticed Crazy Yiuf
  2495 | D:2      | Killed Crazy Yiuf
  2495 | D:2      | Reached XP level 5. HP: 31/45 MP: 3/5
  2853 | D:3      | Noticed Robin
  2874 | D:3      | Killed Robin
  3130 | D:3      | Noticed OrbSeeker's ghost (average DEIE)
  3380 | D:3      | Reached skill level 5 in Staves
  3442 | D:3      | Killed OrbSeeker's ghost
  3442 | D:3      | Reached XP level 6. HP: 27/52 MP: 6/6
  3757 | D:4      | Found an ancient bone altar of Kikubaaqudgha.
  3905 | D:4      | Reached skill level 6 in Staves
  3934 | D:4      | Found a blossoming altar of Fedhas.
  4166 | D:4      | Your scales start taking on a fiery red colour.
  4166 | D:4      | Gained mutation: Your flesh is heat resistant. [Red Draconian growth]
  4166 | D:4      | Reached XP level 7. HP: 57/60 MP: 7/7
  4223 | D:4      | Slain by a gnoll

Action                   |  1- 3 |  4- 6 |  7- 9 || total
-------------------------+-------+-------+-------++-------
Melee: Quarterstaff      |   116 |   188 |    15 ||   319
  Use: Potion            |       |     2 |       ||     2
       Scroll            |       |     4 |       ||     4
 Stab: Sleeping          |       |     5 |     1 ||     6
       Distracted        |       |     1 |       ||     1
       Invisible         |       |     1 |       ||     1
  Eat: Chunk             |     2 |     7 |       ||     9
       Fruit             |       |     1 |       ||     1
